 Dungeon Crawl Stone Soup version 0.18-a0-1692-g516f9e9 (webtiles) character file.

369 Soon the Poker (level 6, -2/47 HPs)
             Began as a Demonspawn Fighter on Apr 5, 2016.
             Was a Follower of Okawaru.
             Slain by a gnoll
             ... wielding a +0 whip
              (6 damage)
             ... on level 4 of the Dungeon.
             The game lasted 00:05:38 (2975 turns).

Soon the Poker (Demonspawn Fighter)                 Turns: 2975, Time: 00:05:39

Health: -2/47      AC:  8    Str: 17    XL:     6   Next: 41%
Magic:  6/6        EV:  6    Int: 11    God:    Okawaru [*.....]
Gold:   103        SH:  5    Dex: 17    Spells: 0 memorised, 5 levels left

rFire  . . .     SeeInvis .     a - +0 trident
rCold  + . .     Gourm    .     F - +0 chain mail
rNeg   . . .     Faith    .     E - +0 buckler
rPois  .         Spirit   .     (no helmet)
rElec  .         Dismiss  .     (no cloak)
rCorr  .         Reflect  .     (no gloves)
SustAt .         Harm     .     (no boots)
MR     .....                    (no amulet)
Stlth  ..........               p - +5 ring of dexterity
                                v - ring of protection from cold

@: not resistant to hostile enchantments, extremely unstealthy
A: talons 2
a: Heroism, Renounce Religion


You were on level 4 of the Dungeon.
You worshipped Okawaru.
Okawaru was aware of your devotion.
You were not hungry.

You visited 1 branch of the dungeon, and saw 4 of its levels.

You collected 103 gold pieces.

Inventory:

Hand Weapons
 a - a +0 trident (weapon)
Missiles
 t - 8 javelins (quivered)
Armour
 b - a +0 scale mail
 E - a +0 buckler (worn)
 F - a +0 chain mail (worn)
Jewellery
 i - an uncursed ring of wizardry
 p - a +5 ring of dexterity (right hand)
 v - a ring of protection from cold (left hand)
 D - an uncursed ring of ice
Wands
 y - a wand of slowing (12/48)
Scrolls
 j - a scroll of immolation {unknown}
 k - 3 scrolls of magic mapping {unknown}
 n - 3 scrolls of recharging {unknown}
 o - 3 scrolls of teleportation {unknown}
 r - a scroll of amnesia {unknown}
 u - a scroll of fear {unknown}
 w - a scroll of blinking {unknown}
 x - 5 scrolls of identify {unknown}
 z - 2 scrolls of remove curse {unknown}
 A - a scroll of enchant armour {unknown}
 G - a scroll of random uselessness {unknown}
Potions
 c - a potion of cancellation {unknown}
 d - 2 potions of might
 e - a potion of ambrosia {unknown}
 g - 2 potions of agility {unknown}
 m - a potion of flight {unknown}
 q - a potion of haste {unknown}
 s - 3 potions of curing {unknown}
 B - a potion of resistance {unknown}
 I - 3 potions of lignification {unknown}
 J - a potion of degeneration {unknown}
Comestibles
 f - 2 bread rations
 h - 2 meat rations
 l - a slice of pizza
 C - a beef jerky
 H - 3 fruits


   Skills:
 - Level 3.0 Fighting
 + Level 6.3 Polearms
 - Level 2.6 Armour
 - Level 2.6 Shields


You had 5 spell levels left.
You didn't know any spells.

Dungeon Overview and Level Annotations

Branches:
Dungeon (4/15)
 Temple: D:4-7

Altars:
Makhleb
Okawaru
Trog
Zin

Annotations:
D:4 OrbMaster's ghost, amateur DsWn


Innate Abilities, Weirdness & Mutations

You have razor-sharp toenails.


Message History

You block the gnoll's attack.
You hit the gnoll.
The gnoll is lightly wounded.
The gnoll hits you but does no damage.
You hit the gnoll. Your kick misses the gnoll.
The gnoll is moderately wounded.
You puncture the gnoll!
The gnoll is almost dead.
The gnoll hits you but does no damage.
You hit the gnoll but do no damage.
The gnoll is almost dead.
The gnoll hits you but does no damage.
You hit the gnoll but do no damage. You claw the gnoll, but do no damage.
The gnoll is almost dead.
The gnoll hits you with a whip.
* * * LOW HITPOINT WARNING * * *
You hit the gnoll. Your kick misses the gnoll.
The gnoll is almost dead.
The gnoll hits you with a whip.
You die...

#....................
.#####.###..#######.
#.# #..#######' # #.#
#..##...... #####. #.#
#...#......
......#####.#
#.#.#......
#..)..)..###..........
#.##)###.##...........
#.g@.#.##...........
#....#.##...........
#....#..#.......####
#....#..........#
#.!..#.#........#
######.#.######..# #.
..... . ...... #
......


You could see a gnoll.

Vanquished Creatures
  An ogre (D:4)
  A hound (D:3)
  An orc wizard (D:4)
  2 worker ants (D:4)
  3 gnolls (D:4)
  9 adders
  2 worms
  A dart slug (D:2)
  2 giant geckos (D:1)
  2 orcs (D:4)
  5 bats
  3 giant cockroaches
  9 goblins
  5 hobgoblins
  4 jackals (D:3)
  3 quokkas
  5 giant newts
  4 kobolds
  8 rats
70 creatures vanquished.

Notes
Turn   | Place    | Note
--------------------------------------------------------------
     0 | D:1      | Soon the Demonspawn Fighter began the quest for the Orb.
     0 | D:1      | Reached XP level 1. HP: 18/18 MP: 1/1
    21 | D:1      | Reached skill level 2 in Polearms
   270 | D:1      | Gained mutation: You have sharp toenails. [demonic ancestry]
   270 | D:1      | Reached XP level 2. HP: 18/24 MP: 2/2
   629 | D:2      | Reached skill level 3 in Polearms
   679 | D:2      | Found an iron altar of Okawaru.
   707 | D:2      | Became a worshipper of Warmaster Okawaru
   720 | D:2      | Reached XP level 3. HP: 20/29 MP: 3/3
   789 | D:2      | Found a bloodstained altar of Trog.
   791 | D:2      | Found a glowing silver altar of Zin.
   798 | D:2      | Found a burning altar of Makhleb.
  1103 | D:2      | Reached XP level 4. HP: 27/35 MP: 4/4
  1124 | D:2      | Reached skill level 4 in Polearms
  1984 | D:3      | Reached XP level 5. HP: 41/41 MP: 5/5
  2270 | D:4      | Noticed OrbMaster's ghost (amateur DsWn)
  2364 | D:3      | Reached skill level 5 in Polearms
  2701 | D:4      | Noticed an ogre
  2707 | D:4      | Killed an ogre
  2707 | D:4      | Reached skill level 6 in Polearms
  2707 | D:4      | Gained mutation: You have razor-sharp toenails. [demonic ancestry]
  2707 | D:4      | Reached XP level 6. HP: 27/47 MP: 6/6
  2938 | D:4      | Reached * piety under Okawaru
  2975 | D:4      | Slain by a gnoll

Vault maps used:
D:1:      matt_arrival_spirals
D:2:      overflow_temple_1_default, minitemple
D:3:      first_bread, serial_curves, eino_curves_03, eino_curves_01
D:4:      kennysheep_vampire_church, nrook_mini_vaults, uniq_sigmund

Skill      XL: |  1  2  3  4  5 |
---------------+----------------+-----
Polearms       | 2 3 4 6 |  6.3
Fighting       | |  3.0
Armour         | |  2.6
Shields        | |  2.6

Action                   |  1- 3 |  4- 6 || total
-------------------------+-------+-------++-------
Melee: Trident           |   130 |   189 ||   319
Throw: Javelin           |       |     1 ||     1
  Eat: Chunk             |     1 |     2 ||     3
       Bread ration      |       |     1 ||     1
